 Dungeon Crawl Stone Soup version 0.22-a0-413-ge8614c9 (webtiles) character file.

970 Glaeka the Gusty (level 8, -3/61 HPs)
             Began as a Ghoul Air Elementalist on May 7, 2018.
             Slain by a killer bee (5 damage)
             ... on level 7 of the Dungeon on May 12, 2018.
             The game lasted 00:34:05 (4009 turns).

Glaeka the Gusty (Ghoul Air Elementalist)           Turns: 4009, Time: 00:34:05

Health: -3/61      AC:  8    Str: 12      XL:     8   Next: 16%
Magic:  11/12      EV: 10    Int: 12      God:
Gold:   263        SH:  0    Dex:  7 (9)  Spells: 8/14 levels left

rFire    + . .     SeeInvis .   a - +1 dagger (venom)
rCold    + + .     Gourm    .   (no shield)
rNeg     + + +     Faith    .   q - +0 ring mail
rPois    ∞         Spirit   .   z - +0 helmet
rElec    .         Reflect  .   (no cloak)
rCorr    .         Harm     .   y - +0 pair of gloves
MR       .....                  (no boots)
Stlth    +.........             (no amulet)
HPRegen  0.00/turn              m - ring of protection from fire
MPRegen  0.13/turn              A - ring of protection from cold

@: rotting
A: rotting body, claws 1, carnivore, cold resistance 1, negative energy
resistance 3, inhibited regeneration, torment resistance, unbreathing
a: no special abilities


You were on level 7 of the Dungeon.
You were not hungry.

You visited 1 branch of the dungeon, and saw 7 of its levels.

You collected 263 gold pieces.

Inventory:

Hand Weapons
 a - a +1 dagger of venom (weapon)
 b - a +0 dagger of electrocution
Missiles
 k - 11 poisoned needles
Armour
 q - a +0 ring mail (worn)
 y - a +0 pair of gloves (worn)
 z - a +0 helmet (worn)
Jewellery
 m - a ring of protection from fire (left hand)
 o - a +3 ring of evasion {unknown}
 A - a ring of protection from cold (right hand)
 C - a cursed ring of teleportation {unknown}
Wands
 l - a wand of disintegration (12)
 E - a wand of clouds (6)
Scrolls
 d - a scroll of enchant weapon {unknown}
 e - 2 scrolls of random uselessness {unknown}
 f - a scroll of amnesia {unknown}
 g - 2 scrolls of fear {unknown}
 i - 2 scrolls of remove curse {unknown}
 j - 2 scrolls of identify
 p - a scroll of magic mapping {unknown}
 s - 2 scrolls of enchant armour {unknown}
 t - 2 scrolls of teleportation {unknown}
 w - a scroll of immolation {unknown}
Potions
 h - 3 potions of curing {unknown}
 n - a potion of flight {unknown}
 r - a potion of might {unknown}
 u - 2 potions of mutation {unknown}
 v - a potion of resistance {unknown}
 x - a potion of brilliance {unknown}
 B - a potion of heal wounds {unknown}
Comestibles
 c - 8 rations


   Skills:
 + Level 2.1 Fighting
 + Level 1.7 Short Blades
 + Level 3.5 Armour
 - Level 1.7 Dodging
 + Level 2.6 Stealth
 + Level 3.8 Spellcasting
 + Level 2.5 Conjurations
 * Level 4.9 Air Magic


You had 8 spell levels left.
You knew the following spells:

 Your Spells              Type           Power        Failure   Level  Hunger
a - Shock                 Conj/Air       ##..         11%         1    #......
b - Swiftness             Chrm/Air       #.......     26%         2    ##.....
c - Static Discharge      Conj/Air       ##......     30%         3    ###....

Your spell library contained the following spells:

 Spells                   Type           Power        Failure   Level  Hunger
 Lightning Bolt           Conj/Air       ##........   96%         5    ######.
 Airstrike                Air            ##........   54%         4    #####..


Dungeon Overview and Level Annotations

Branches:
Dungeon (7/15)
 Temple: D:4-7

Altars:

Annotations:
D:5 chainedplains's ghost, novice HOFi
D:6 MajorRager's ghost, novice GrEE


Innate Abilities, Weirdness & Mutations

Your body is rotting away.
You thrive on raw meat.
You are immune to poison.
You have sharp fingernails.
You are carnivorous and can eat meat at any time.
Your flesh is cold resistant. (rC+)
You are immune to negative energy. (rN+++)
You do not regenerate when monsters are visible.
You are immune to unholy pain and torment.
You can survive without breathing.


Message History

The killer bee misses you. The killer bee closely misses you.
The killer bee stings you.
* * * LOW HITPOINT WARNING * * *
The killer bee barely misses you.
The killer bee stings you but does no damage.
The killer bee closely misses you.
Casting: Shock (safe; 11% risk of failure)
Confirm with . or Enter, or press ? or * to list all spells.
Aiming: Shock (safe; 11% risk of failure)
Press: ? - help, Shift-Dir - straight line, f - killer bee
Aim: a killer bee The zap misses the killer bee. x2
The killer bee stings you but does no damage.
The killer bee closely misses you.
The killer bee stings you but does no damage.
The killer bee stings you but does no damage.
The killer bee barely misses you.
The killer bee stings you but does no damage. x2
The killer bee misses you. The killer bee stings you.
You die...

#....# #...y.
#....# #....
#....# #....
#....# #...#
##.>..# #...##
#....# #....#
#....# #....#
#.@..+ #....#
#.yy.# #....#
#....#
#..#######....#
#.y#......<...#
#..#..........#
#..'.<........#
####..........#
....##########


You could see 2 killer bees.

Vanquished Creatures
  A water moccasin (D:5)
  A sky beast (D:5)
  A bullfrog (D:4)
  A scorpion (D:6)
  A howler monkey (D:5)
  A centaur zombie (D:5)
  A crimson imp (D:5)
  A quasit (D:6)
  A jelly (D:5)
  A hound (D:4)
  An orc wizard (D:5)
  A bullfrog skeleton (D:4)
  An iguana (D:5)
  7 worker ants
  A worker ant zombie (D:5)
  10 adders
  2 gnolls (D:3)
  A howler monkey skeleton (D:4)
  An ooze (D:1)
  3 worms
  A dart slug (D:2)
  A leopard gecko (D:2)
  5 orcs
  7 bats
  5 giant cockroaches
  5 goblins
  6 hobgoblins
  17 jackals
  2 quokkas
  A ball python (D:1)
  5 frilled lizards
  7 kobolds
  2 rats
102 creatures vanquished.

Notes
Turn   | Place    | Note
-------+----------+-------------------------------------------
     0 | D:1      | Glaeka the Ghoul Air Elementalist began the quest for the Orb.
     0 | D:1      | Reached XP level 1. HP: 14/14 MP: 2/2
   138 | D:1      | Reached XP level 2. HP: 20/20 MP: 0/3
   142 | D:1      | Learned a level 2 spell: Swiftness
   158 | D:1      | Reached skill level 3 in Air Magic
   734 | D:1      | Reached XP level 3. HP: 24/26 MP: 0/4
  1072 | D:2      | Reached skill level 1 in Conjurations
  1657 | D:2      | Reached XP level 4. HP: 26/33 MP: 3/6
  1681 | D:2      | Learned a level 3 spell: Static Discharge
  2297 | D:3      | Reached XP level 5. HP: 31/39 MP: 1/7
  2628 | D:4      | Reached skill level 1 in Armour
  2634 | D:4      | Reached skill level 1 in Fighting
  2634 | D:4      | Reached skill level 4 in Air Magic
  2745 | D:4      | Reached XP level 6. HP: 22/47 MP: 6/9
  2883 | D:4      | Noticed a slave
  2901 | D:5      | Entered Level 5 of the Dungeon
  2948 | D:5      | Noticed a water moccasin
  3079 | D:5      | Reached XP level 7. HP: 22/52 MP: 0/10
  3346 | D:5      | Noticed chainedplains's ghost (novice HOFi)
  3453 | D:5      | Reached skill level 1 in Short Blades
  3671 | D:5      | Reached XP level 8. HP: 54/61 MP: 12/12
  3788 | D:6      | Upgraded the game from 0.22-a0-402-ga933591 to 0.22-a0-407-gb098539
  3809 | D:6      | Noticed MajorRager's ghost (novice GrEE)
  3891 | D:6      | Upgraded the game from 0.22-a0-407-gb098539 to 0.22-a0-413-ge8614c9
  4003 | D:7      | HP: 2/61 [killer bee (3)]
  4009 | D:7      | Slain by a killer bee

Vault maps used:
D:1:      scummos_arrival_gate
D:2:      minivault_11, minmay_crystal_room
D:3:      lemuel_castle_with_subvaults, chequers_temple_overflow_minitemple,
          kennysheep_generic_room_12, uniq_robin, uniq_grinder
D:4:      first_ration, uniq_pikel
D:7:      kiku_gazebo_garden_becter, minmay_temple_entry_glass

Skill      XL: |  1  2  3  4  5  6  7 |
---------------+----------------------+-----
Air Magic      | 3 4 |  4.9
Conjurations   | 1 2 |  2.5
Spellcasting   | 2 3 |  3.8
Armour         | 1 2 3 |  3.5
Fighting       | 1 2 |  2.1
Short Blades   | 1 |  1.7
Dodging        | |  1.7
Stealth        | |  2.6

Action                   |  1- 3 |  4- 6 |  7- 9 || total
-------------------------+-------+-------+-------++-------
Melee: Spear             |    69 |       |       ||    69
       Dagger            |    10 |   143 |   105 ||   258
 Cast: Shock             |    39 |    58 |    27 ||   124
       Swiftness         |     1 |       |     1 ||     2
  Use: Scroll            |       |     2 |     1 ||     3
 Stab: Sleeping          |     2 |       |       ||     2
  Eat: Chunk             |    11 |    11 |     6 ||    28
Armor: Robe              |    14 |       |       ||    14
       Ring mail         |       |    80 |    70 ||   150
Dodge: Dodged            |    38 |    91 |    62 ||   191

Table legend:
 A = Spawn XP
 B = Non-spawn XP
 C = Spawn XP percentage of total XP
 D = Spawn monster count
 E = Non-spawn monster count
 F = Spawn count percentage of total count
 G = Total turns spent on level
                    A         B        C        D         E        F      G
               +---------+---------+-------+---------+---------+-------+---------
         Total |       0 |    1387 |   0.0 |       0 |     102 |   0.0 |  4009
               +---------+---------+-------+---------+---------+-------+---------
           D:1 |       0 |      43 |   0.0 |       0 |      24 |   0.0 |  1056
           D:2 |       0 |      45 |   0.0 |       0 |      15 |   0.0 |   835
           D:3 |       0 |      82 |   0.0 |       0 |      24 |   0.0 |   437
           D:4 |       0 |     277 |   0.0 |       0 |      11 |   0.0 |   601
           D:5 |       0 |     776 |   0.0 |       0 |      24 |   0.0 |   887
           D:6 |       0 |     164 |   0.0 |       0 |       4 |   0.0 |   155
               +---------+---------+-------+---------+---------+-------+---------
